 Dungeon Crawl Stone Soup version 0.30.1 (webtiles) character file.

Game seed: 15991815788292618799

88 cayman329 the Chopper (level 4, 0/41 HPs)
             Began as a Gnoll Cinder Acolyte on July 2, 2023.
             Was a High Priest of Ignis.
             Killed by nerve-wracking pain
             ... invoked by an orc priest
              (7 damage)
             ... on level 2 of the Dungeon on July 3, 2023.
             The game lasted 00:04:56 (1995 turns).

cayman329 the Chopper (Gnoll Cinder Acolyte)        Turns: 1995, Time: 00:04:58

Health: 0/41       AC:  7    Str: 13    XL:     4   Next: 54%
Magic:  1/8        EV: 10    Int: 14    God:    Ignis [*****.]
Gold:   119        SH:  0    Dex:  9    Spells: 7/9 levels left

rFire   + . .        s - +2 mace (heavy)
rCold   . . .        (no shield)
rNeg    . . .        t - +0 ring mail
rPois   .            d - +0 helmet
rElec   .            (no cloak)
rCorr   .            o - +0 pair of gloves
SInv    .            (no boots)
Will    .....        (no amulet)
Stlth   +            (no ring)
HPRegen 0.26/turn    (no ring)
MPRegen 0.11/turn

%: no passive effects
@: very slightly contaminated
A: fangs 1, strong nose, distributed training
a: Renounce Religion, Fiery Armour, Foxfire Swarm, Rising Flame


You were on level 2 of the Dungeon.
You worshipped Ignis.
Ignis was extremely pleased with you.
You visited 1 branch of the dungeon, and saw 3 of its levels.

You collected 119 gold pieces.

Inventory:

Hand Weapons
 a - a -1 hand axe of flaming
 h - a +1 dagger of speed
 n - a +0 dagger of protection
 s - a +2 heavy mace (weapon)
Missiles
 e - 65 stones (quivered)
Armour
 b - a +0 robe
 d - a +0 helmet (worn)
 o - a +0 pair of gloves (worn)
 t - a +0 ring mail (worn)
Magical Staves
 q - a staff of fire
Scrolls
 f - a scroll of identify {unknown}
 i - 2 scrolls of noise {unknown}
 k - 2 scrolls of enchant weapon {unknown}
 l - 2 scrolls of immolation {unknown}
 p - a scroll of enchant armour {unknown}
 r - a scroll of poison {unknown}
Potions
 c - a potion of might {unknown}
 g - a potion of berserk rage {unknown}
 j - 2 potions of curing {unknown}
 m - a potion of mutation {unknown}


   Skills:
 + Level 6.6 Fighting
 + Level 1.2 Short Blades
 + Level 1.2 Long Blades
 + Level 6.6 Axes
 + Level 1.2 Maces & Flails
 + Level 1.2 Polearms
 + Level 1.2 Staves
 + Level 1.2 Ranged Weapons
 + Level 1.2 Throwing
 + Level 1.2 Armour
 + Level 1.2 Dodging
 + Level 1.2 Stealth
 + Level 1.2 Shields
 + Level 1.2 Unarmed Combat
 + Level 3.0 Spellcasting
 + Level 1.0 Conjurations
 + Level 1.0 Hexes
 + Level 1.0 Summonings
 + Level 1.0 Necromancy
 + Level 1.0 Translocations
 + Level 1.0 Transmutations
 + Level 5.5 Fire Magic
 + Level 1.0 Ice Magic
 + Level 1.0 Air Magic
 + Level 1.0 Earth Magic
 + Level 1.0 Poison Magic
 + Level 1.3 Invocations
 + Level 1.2 Evocations


You had 7 spell levels left.
You knew the following spells:

 Your Spells              Type           Power      Damage    Failure   Level
a - Scorch                Fire           34%        2d6       7%          2

Your spell library contained the following spells:

 Spells                   Type           Power      Damage    Failure   Level
 Apportation              Tloc           10%        N/A       30%         1
 Alistair's Intoxication  Tmut/Pois      3%         N/A       100%        5


Dungeon Overview and Level Annotations

Branches:
Dungeon (3/15)

Altars:


Innate Abilities, Weirdness & Mutations

You have very sharp teeth.
Your uncanny sense of smell can sniff out nearby items.
Your experience applies equally to all skills.


Message History

There is a stone staircase leading down here.
Things that are here:
a +0 robe; a +0 dagger; an orc corpse
Casting: Scorch (safe; 7% risk of failure)
Confirm with . or Enter, or press ? or * to list all spells.
Flames lash the orc.
You kill the orc!
The orc priest hits you with a +0 falchion.
Casting: Scorch (safe; 7% risk of failure)
Confirm with . or Enter, or press ? or * to list all spells.
You miscast Scorch.
Nothing appears to happen.
The orc priest hits you but does no damage.
Unknown command.
Casting: Scorch (safe; 7% risk of failure)
Confirm with . or Enter, or press ? or * to list all spells.
Flames lash the orc priest.
The orc priest is moderately wounded.
The orc priest's fire resistance burns away.
The orc priest barely misses you.
Casting: Scorch (safe; 7% risk of failure)
Confirm with . or Enter, or press ? or * to list all spells.
You don't have enough magic to cast this spell.
The orc priest hits you with a +0 falchion.
You hit the orc priest.
The orc priest is heavily wounded.
The orc priest hits you with a +0 falchion.
The orc priest hits you but does no damage.
You closely miss the orc priest.
The orc priest is heavily wounded.
The orc priest is no longer more vulnerable to fire.
The orc priest hits you with a +0 falchion.
The orc priest hits you but does no damage.
You barely miss the orc priest.
The orc priest is heavily wounded.
The orc priest calls down the wrath of Beogh upon you.
Beogh smites you!
* * * LOW HITPOINT WARNING * * *
The orc priest invokes the aid of Beogh against you.
Pain shoots through your body!
You die...

# #.#.# #.P♣~P♣##.##...# #
#.#.###.#~~♣# #.##.###
#######.#.........# #.##.#
........#.........# #.##.#
#########.........###.##.#
#................#
####.............####
#.....<....o.#####
#.#♣..♣...>@.#
#.♣..~~♣~.)..#
##.♣.♣~♣~~♣...#
#P..~~~~~.....#
##.)♣~~~~♣~P..♣#
#P....~♣~......#
####P....~♣P..♣.#.#
..#####...P..P#...#
#.###############.#


You could see an orc priest.

Vanquished Creatures
  An orc wizard (D:2)
  An adder (D:2)
  A worm (D:2)
  2 orcs (D:2)
  2 ball pythons
  4 endoplasms
  5 hobgoblins
  4 jackals (D:2)
  2 quokkas (D:1)
  4 bats
  A frilled lizard (D:2)
  8 goblins
  3 kobolds (D:1)
  5 rats
43 creatures vanquished.

Notes
Turn   | Place    | Note
-------+----------+-------------------------------------------
     0 | D:1      | cayman329 the Gnoll Cinder Acolyte began the quest for the
                  | Orb.
     0 | D:1      | Reached XP level 1. HP: 23/23 MP: 4/4
   223 | D:1      | Reached XP level 2. HP: 28/29 MP: 5/5
   228 | D:1      | Learned a level 2 spell: Scorch
   735 | D:2      | Reached XP level 3. HP: 35/35 MP: 1/7
  1121 | D:2      | Reached skill level 1 in Invocations
  1188 | D:2      | Reached skill level 1 in Short Blades
  1188 | D:2      | Reached skill level 1 in Long Blades
  1188 | D:2      | Reached skill level 1 in Maces & Flails
  1188 | D:2      | Reached skill level 1 in Polearms
  1188 | D:2      | Reached skill level 1 in Staves
  1188 | D:2      | Reached skill level 1 in Ranged Weapons
  1188 | D:2      | Reached skill level 1 in Throwing
  1188 | D:2      | Reached skill level 1 in Armour
  1188 | D:2      | Reached skill level 1 in Dodging
  1188 | D:2      | Reached skill level 1 in Stealth
  1188 | D:2      | Reached skill level 1 in Shields
  1188 | D:2      | Reached skill level 1 in Unarmed Combat
  1188 | D:2      | Reached skill level 1 in Evocations
  1399 | D:2      | Reached XP level 4. HP: 41/41 MP: 8/8
  1805 | D:2      | Reached skill level 1 in Conjurations
  1805 | D:2      | Reached skill level 1 in Hexes
  1805 | D:2      | Reached skill level 1 in Summonings
  1805 | D:2      | Reached skill level 1 in Necromancy
  1805 | D:2      | Reached skill level 1 in Translocations
  1805 | D:2      | Reached skill level 1 in Transmutations
  1805 | D:2      | Reached skill level 1 in Ice Magic
  1805 | D:2      | Reached skill level 1 in Air Magic
  1805 | D:2      | Reached skill level 1 in Earth Magic
  1805 | D:2      | Reached skill level 1 in Poison Magic
  1995 | D:2      | Killed from afar by an orc priest

Illustrated notes

Levels and vault maps discovered:
D:1:      lemuel_arrival_broad_hall, layout_rooms, serial_forest,
          infiniplex_forest_clump_tiny, infiniplex_forest_clump_small,
          infiniplex_forest_end_1, infiniplex_forest_lined_room_,
          infiniplex_forest_straight_2, infiniplex_forest_straight_2,
          infiniplex_forest_clump_medium, roderic_three_in_a_row
D:2:      layout_loops_ring, serial_bayou, serial_bayou_shore_a,
          serial_bayou_pond_a, serial_bayou_lake_a, serial_bayou_lagoon_b,
          minmay_misc_feat_encased, due_unseen_surprise
D:3:      layout_basic, mainiacjoe_overflow_concentric_impassable,
          hellmonk_ecumenical_altar_heavens_door, skrybe_limestone_x,
          grunt_ministairs_1, interstate_on_off, st_stairs_12

Skill      XL: |  1  2  3  4 |
---------------+-------------+-----
Invocations    | 1 |  1.3
Short Blades   | 1 |  1.2
Long Blades    | 1 |  1.2
Maces & Flails | 1 |  1.2
Polearms       | 1 |  1.2
Staves         | 1 |  1.2
Ranged Weapons | 1 |  1.2
Throwing       | 1 |  1.2
Armour         | 1 |  1.2
Dodging        | 1 |  1.2
Stealth        | 1 |  1.2
Shields        | 1 |  1.2
Unarmed Combat | 1 |  1.2
Evocations     | 1 |  1.2
Spellcasting   | 3 |  3.0
Conjurations   | 1 |  1.0
Hexes          | 1 |  1.0
Summonings     | 1 |  1.0
Necromancy     | 1 |  1.0
Translocations | 1 |  1.0
Transmutations | 1 |  1.0
Ice Magic      | 1 |  1.0
Air Magic      | 1 |  1.0
Earth Magic    | 1 |  1.0
Poison Magic   | 1 |  1.0
Fighting       | |  6.6
Axes           | |  6.6
Fire Magic     | |  5.5

Action                     |  1- 3 |  4- 6 || total
---------------------------+-------+-------++-------
  Melee: Hand axe          |    67 |    10 ||    77
         Bite              |     5 |     2 ||     7
         Mace              |       |     3 ||     3
         Punch             |       |     1 ||     1
   Cast: Scorch            |    17 |     6 ||    23
 Armour: Robe              |    26 |     2 ||    28
         Ring mail         |       |     5 ||     5
  Dodge: Dodged            |    56 |     5 ||    61
